 Dungeon Crawl Stone Soup version 0.26-a0-1126-g3318b609a0 (webtiles) character file.

Game seed: 15854576934140196501

280 Dracia the Shield-Bearer (level 6, -3/47 HPs)
             Began as a Demonspawn Fighter on Dec 17, 2020.
             Killed from afar by Ijyb (15 damage)
             ... with a bolt of acid
             ... on level 3 of the Dungeon.
             The game lasted 00:04:34 (2002 turns).

Dracia the Shield-Bearer (Demonspawn Fighter)       Turns: 2002, Time: 00:04:35

Health: -3/47      AC: 11    Str: 17    XL:     6   Next: 5%
Magic:  6/6        EV:  6    Int: 10    God:
Gold:   118        SH:  9    Dex: 13    Spells: 5/5 levels left

rFire    . . .     SeeInvis .   a - +0 rapier
rCold    . . .     Faith    .   c - +0 kite shield
rNeg     + . .     Spirit   .   q - +0 chain mail {Will+}
rPois    .         Reflect  .   u - +0 helmet
rElec    .         Harm     .   r - +0 cloak
rCorr    .         Rampage  .   (no gloves)
Will     +....                  (no boots)
Stlth    ..........             (no amulet)
HPRegen  0.15/turn              Y - +4 ring of slaying
MPRegen  0.10/turn              N - ring of positive energy

@: corroded
A: talons 2, iridescent scales 2
a: no special abilities


You were on level 3 of the Dungeon.
You visited 1 branch of the dungeon, and saw 3 of its levels.

You collected 118 gold pieces.


Innate Abilities, Weirdness & Mutations

You have razor-sharp toenails.
You are mostly covered in iridescent scales. (AC +4)


   Skills:
 - Level 3.0 Fighting
 - Level 1.7 Short Blades
 + Level 4.2 Armour
 + Level 2.9 Dodging
 + Level 4.2 Shields


You had 5 spell levels left.
You didn't know any spells.
Your spell library was empty.

Inventory:

Hand Weapons
 a - a +0 rapier (weapon)
 w - a +3 vorpal hand axe
Missiles
 p - 13 poisoned darts (quivered)
Armour
 b - a +0 scale mail
 c - a +0 kite shield (worn)
 j - a +1 ring mail of fire resistance
 q - a +0 chain mail of willpower (worn)
 r - a +0 cloak (worn)
 u - a +0 helmet (worn)
 x - a +2 robe of willpower
Jewellery
 g - a +4 ring of protection {unknown}
 N - a ring of positive energy (right hand)
 Y - a +4 ring of slaying (left hand)
Scrolls
 e - a scroll of enchant armour {unknown}
 f - 2 scrolls of teleportation {unknown}
 h - 3 scrolls of magic mapping {unknown}
 i - a scroll of remove curse {unknown}
 l - a scroll of fog {unknown}
 m - a scroll of blinking {unknown}
 v - a scroll of enchant weapon {unknown}
 y - a scroll of identify {unknown}
Potions
 d - 3 potions of might
 k - a potion of attraction {unknown}
 n - a potion of flight {unknown}
 o - a potion of curing {@q1@q1}
 s - a potion of resistance {unknown}
 t - a potion of haste {unknown}

Dungeon Overview and Level Annotations

Branches:
Dungeon (3/15)

Altars:
Qazlal

Annotations:
D:3 Ijyb

#.##.....#
#.##.###.#######
#....# #........
#
####.###)######.
##### .##
#.....# ....[
... ###.###
##### ##.# #.#
#.##...#####.#
#....g.)@....#
####...#######
##.# # #. # # #
# # #


You could see Ijyb.


Message History

No target in view!
Things that are here:
a +0 dagger; 2 boomerangs; an orc corpse Key pressed, stopping explore.
A rat comes into view.
A rat is nearby!
A rat is nearby!
A hobgoblin and Ijyb come into view.
Ijyb is wielding a +0 club and carrying a wand of acid (11).
Ijyb shouts!
You block the rat's attack.
The hobgoblin moves out of view.
You puncture the rat!
You kill the rat!
Ijyb zaps a wand.
The bolt of acid hits you. The acid corrodes you!
You are splashed with acid!
Your shield prevents you from hitting the hobgoblin.
You claw the hobgoblin.
The hobgoblin is heavily wounded.
The hobgoblin hits you but does no damage.
Ijyb zaps a wand.
The bolt of acid hits you.
You are splashed with acid!
* * * LOW HITPOINT WARNING * * *
You are too injured to fight recklessly!
You are too injured to fight recklessly!
Unknown command.
Okay, then.
Ijyb screams, "Me kill you!"
You puncture the hobgoblin!
You kill the hobgoblin!
Ijyb zaps a wand.
The bolt of acid hits you!
You die...

Skill      XL: |  1  2  3  4  5 |
---------------+----------------+-----
Armour         | 3 4 |  4.2
Shields        | 3 4 |  4.2
Dodging        | 1 2 |  2.9
Fighting       | |  3.0
Short Blades   | |  1.7

Action                   |  1- 3 |  4- 6 || total
-------------------------+-------+-------++-------
Melee: Rapier            |   115 |    91 ||   206
       Kick              |       |    17 ||    17
Armor: Scale mail        |    30 |       ||    30
       Ring mail         |    27 |     1 ||    28
       Chain mail        |       |    50 ||    50
Dodge: Dodged            |    27 |    17 ||    44
Block: Kite shield       |    49 |    42 ||    91

Levels and vault maps discovered:
D:1:      eino_arrival_cavern_c, layout_loops_cross
D:2:      layout_rooms, lemuel_round_altar, minmay_hedge_maze
D:3:      layout_loops_ring, lemuel_coloured_pillars_altar, kennysheep_boxes,
          uniq_ijyb, uniq_terence, uniq_jessica, uniq_sigmund

Notes
Turn   | Place    | Note
-------+----------+-------------------------------------------
     0 | D:1      | Dracia the Demonspawn Fighter began the quest for the Orb.
     0 | D:1      | Reached XP level 1. HP: 18/18 MP: 1/1
   150 | D:1      | Gained mutation: You are partially covered in iridescent
                  | scales. (AC +2) [demonic ancestry]
   150 | D:1      | Reached XP level 2. HP: 24/24 MP: 2/2
   212 | D:1      | Reached skill level 3 in Armour
   226 | D:1      | Reached skill level 3 in Shields
   247 | D:1      | Reached skill level 1 in Dodging
   948 | D:2      | Reached XP level 3. HP: 29/29 MP: 3/3
  1120 | D:2      | Found a stormy altar of Qazlal.
  1338 | D:3      | Noticed Terence
  1349 | D:3      | Killed Terence
  1350 | D:3      | Gained mutation: You have sharp toenails. [demonic
                  | ancestry]
  1350 | D:3      | Reached XP level 4. HP: 29/35 MP: 4/4
  1413 | D:3      | Reached skill level 2 in Dodging
  1675 | D:3      | Gained mutation: You have razor-sharp toenails. [demonic
                  | ancestry]
  1675 | D:3      | Reached XP level 5. HP: 41/41 MP: 5/5
  1714 | D:3      | Noticed Sigmund
  1756 | D:3      | Killed Sigmund
  1757 | D:3      | Reached skill level 4 in Armour
  1757 | D:3      | Reached skill level 4 in Shields
  1757 | D:3      | Gained mutation: You are mostly covered in iridescent
                  | scales. (AC +4) [demonic ancestry]
  1757 | D:3      | Reached XP level 6. HP: 23/47 MP: 6/6
  1997 | D:3      | Noticed Ijyb
  2002 | D:3      | Killed from afar by Ijyb

Vanquished Creatures
  Sigmund (D:3)
  Terence (D:3)
  4 adders
  A worm (D:3)
  3 dart slugs
  8 orcs (D:3)
  3 giant cockroaches
  9 hobgoblins
  11 jackals
  10 bats
  3 frilled lizards
  7 goblins
  4 kobolds
  7 rats
72 creatures vanquished.

Vanquished Creatures (others)
  A hobgoblin (D:3)
  A bat (D:3)
2 creatures vanquished.

Grand Total: 74 creatures vanquished

Table legend: (Time is in decaauts)
 A = Elapsed time spent in this place.
 B = Non-inter-level travel time spent in this place.
 C = Inter-level travel time spent in this place.
 D = Time resting spent in this place.
 E = Time spent auto-exploring this place.
 F = Levels seen in this place.
 G = Mean time per level.
                   A        B        C        D        E       F      G
               +--------+--------+--------+--------+--------+-----+--------+
         Total |   2056 |   1966 |     90 |    158 |   1276 |   3 |  685.3 |
       Dungeon |   2056 |   1966 |     90 |    158 |   1276 |   3 |  685.3 |
               +--------+--------+--------+--------+--------+-----+--------+

Top non-repeatable levels by time:
     D:1: 778 daAuts
     D:3: 703 daAuts
     D:2: 573 daAuts

Table legend:
 A = Non-vault XP
 B = Vault XP
 C = Vault XP percentage of total XP
 D = Non-vault monster count
 E = Vault monster count
 F = Vault count percentage of total count
                 A         B        C        D         E       F
            +---------+---------+-------+---------+---------+-------
      Total |     184 |     218 |  54.2 |      70 |       2 |   2.8
            +---------+---------+-------+---------+---------+-------
        D:1 |      34 |       0 |   0.0 |      19 |       0 |   0.0
        D:2 |      56 |       0 |   0.0 |      18 |       0 |   0.0
        D:3 |      94 |     218 |  69.9 |      33 |       2 |   5.7
            +---------+---------+-------+---------+---------+-------
